 Dungeon Crawl Stone Soup version 0.29.1-2-gbd0b4ee654 (webtiles) character file.

Game seed: 838667683477054347

306 KittyFluff the Cudgeller (level 6, -1/58 HPs)
             Began as a Gargoyle Berserker on Nov 13, 2022.
             Was a Believer of Trog.
             Slain by a black bear (2 damage)
             ... on level 4 of the Dungeon.
             The game lasted 00:14:33 (3480 turns).

KittyFluff the Cudgeller (Gargoyle Berserker)       Turns: 3480, Time: 00:14:34

Health: -1/58      AC:  7    Str: 21    XL:     6   Next: 39%
Magic:  6/6        EV: 12    Int:  7    God:    Trog [**....]
Gold:   155        SH:  0    Dex: 11    Spells: 5/5 levels left

rFire   . . .      SeeInvis .   a - +0 mace
rCold   . . .      Faith    .   (no shield)
rNeg    + . .      Spirit   .   l - +0 robe "Veoleph" {rElec Stlth+}
rPois   ∞          Reflect  .   (no helmet)
rElec   +          Harm     .   e - +0 cloak
rCorr   +          Rampage  .   (no gloves)
Will    .....                   (no boots)
Stlth   ..........              (no amulet)
HPRegen 0.19/turn               i - ring of resist corrosion
MPRegen 0.10/turn               (no ring)

@: berserking, very quick
A: sickness immunity, AC +4, negative energy resistance 1, electricity
resistance, torment resistance 1, petrification resistance
a: Renounce Religion, Berserk, Trog's Hand


You were on level 4 of the Dungeon.
You worshipped Trog.
Trog was pleased with you.
You visited 1 branch of the dungeon, and saw 4 of its levels.

You collected 155 gold pieces.

Inventory:

Hand Weapons
 a - a +0 mace (weapon)
 p - a +0 sling
Missiles
 m - 3 throwing nets
 s - 4 poisoned darts (quivered)
Armour
 e - a +0 cloak (worn)
 l - the +0 robe "Veoleph" (worn) {rElec Stlth+}
   (You found it on level 2 of the Dungeon)

   rElec:     It insulates you from electricity.
   Stlth:     It makes you more stealthy.
Jewellery
 d - a ring of fire
 i - a ring of resist corrosion (left hand)
 o - a ring of fire
Wands
 b - a wand of flame (16)
Scrolls
 f - a scroll of noise {unknown}
 g - a scroll of magic mapping {unknown}
 j - a scroll of fog {unknown}
 n - 2 scrolls of teleportation {unknown}
 r - a scroll of vulnerability {unknown}
 t - a scroll of poison {unknown}
Potions
 c - 2 potions of heal wounds
 h - 2 potions of curing
 k - 2 potions of mutation
 q - a potion of invisibility
 u - a potion of might
 v - a potion of degeneration {unknown}


   Skills:
 + Level 4.4 Fighting
 + Level 4.8 Maces & Flails
 * Level 3.7 Armour
 + Level 2.6 Dodging
 + Level 1.6 Stealth


You had 5 spell levels left.
You didn't know any spells.
Your spell library was empty.

Dungeon Overview and Level Annotations

Branches:
Dungeon (4/15)
 Temple: D:4-7

Altars:
Makhleb


Innate Abilities, Weirdness & Mutations

You are immune to sickness and miasma.
Your stone body is resilient. (AC +4)
You are immune to poison.
You resist negative energy. (rN+)
You are resistant to electric shocks. (rElec)
You are resistant to unholy torment.
You are immune to petrification.


Message History

The black bear barely misses you. The black bear closely misses you.
The black bear misses you.
You hit the black bear.
The black bear is heavily wounded.
The black bear bites you. The black bear barely misses you.
The black bear claws you.
You hit the black bear.
The black bear is heavily wounded.
The black bear bites you but does no damage.
The black bear claws you but does no damage.
The black bear misses you.
You hit the black bear.
The black bear is severely wounded.
The black bear bites you but does no damage.
The black bear claws you.
The black bear claws you but does no damage.
You hit the black bear.
The black bear is almost dead.
The black bear goes berserk!
The black bear bites you. The black bear claws you. x2
You barely miss the black bear.
The black bear is almost dead.
The black bear bites you!
* * * LOW HITPOINT WARNING * * *
The black bear claws you.
* * * LOW HITPOINT WARNING * * *
The black bear claws you but does no damage.
A red film seems to cover your vision as you go berserk!
You feel yourself moving faster!
You feel mighty! The black bear bites you.
* * * LOW HITPOINT WARNING * * *
The black bear claws you but does no damage.
The black bear misses you. The black bear barely misses you.
The black bear closely misses you.
The black bear claws you but does no damage.
You barely miss the black bear.
The black bear is almost dead.
The black bear barely misses you. The black bear claws you.
* * * LOW HITPOINT WARNING * * *
The black bear claws you.
You die...

#...##.#
######.########
# #........# .#
##.#.#########.
#.##.§§≈≈§≈..#
#.##.§§....§.#
#.##§§.§≈≈.≈.#
#.##.≈≈!.h≈≈.#
#.##.§§._@≈≈.#
#.##.≈≈...§≈.#
#.##.§.≈≈≈.≈.#
#.##.≈.....≈.#
#..#..≈≈≈≈≈..#
##..#########..#
#### ###


You could see a black bear (berserk).

Vanquished Creatures
  Jessica (D:2)
  Natasha (thrice) (D:2)
  8 gnolls (D:2)
  5 adders (D:3)
  3 worms
  3 dart slugs
  13 bats
  9 endoplasms
  3 giant cockroaches
  7 goblins
  A hobgoblin (D:1)
  2 quokkas
  5 ball pythons
  5 frilled lizards
  8 kobolds
  2 rats (D:3)
78 creatures vanquished.

Notes
Turn   | Place    | Note
-------+----------+-------------------------------------------
     0 | D:1      | KittyFluff the Gargoyle Berserker began the quest for the
                  | Orb.
     0 | D:1      | Reached XP level 1. HP: 14/14 MP: 1/1
   142 | D:1      | Reached XP level 2. HP: 13/19 MP: 2/2
   407 | D:1      | Found a faded altar of an unknown god.
  1154 | D:2      | Reached XP level 3. HP: 21/24 MP: 3/3
  1170 | D:2      | Reached XP level 4. HP: 22/29 MP: 4/4
  1355 | D:2      | Noticed Natasha
  1365 | D:2      | Killed Natasha
  1455 | D:2      | Noticed Jessica
  1461 | D:2      | Identified the +0 robe "Veoleph" {rElec Stlth+}
  1519 | D:2      | Reached ** piety under Trog
  1531 | D:2      | Killed Jessica
  1532 | D:2      | Reached XP level 5. HP: 3/33 MP: 5/5
  1571 | D:2      | Noticed Natasha
  1607 | D:2      | Killed Natasha
  1802 | D:2      | Noticed Natasha
  1830 | D:2      | Killed Natasha
  1940 | D:2      | Reached skill level 1 in Stealth
  2235 | D:2      | Reached XP level 6. HP: 38/39 MP: 6/6
  3448 | D:4      | Found a burning altar of Makhleb.
  3460 | D:4      | Noticed a black bear
  3480 | D:4      | HP: 1/58 [black bear (6)]
  3480 | D:4      | Slain by a black bear

Illustrated notes

Levels and vault maps discovered:
D:1:      heliophobic_arrival_glass_houses, layout_loops_ring,
          ebering_ecumenical_altar_sacrificial
D:2:      layout_rooms, uniq_jessica, uniq_natasha
D:3:      layout_basic, roderic_serpentine_path, roderic_batcave,
          minmay_misc_feat_secret_circle, hangedman_decor_lopped,
          grunt_decor_mini_mirrors
D:4:      layout_loops_ring, mainiacjoe_overflow_paths, cheibrodos_worm_habitat

Skill      XL: |  1  2  3  4  5 |
---------------+----------------+-----
Fighting       | 4 |  4.4
Dodging        | 2 |  2.6
Armour         | 3 |  3.7
Maces & Flails | 4 |  4.8
Stealth        | 1 |  1.6

Action                   |  1- 3 |  4- 6 || total
-------------------------+-------+-------++-------
Melee: Mace              |    75 |   193 ||   268
       Punch             |       |     3 ||     3
Invok: Berserk           |     1 |     5 ||     6
  Use: Potion            |     1 |       ||     1
       Scroll            |       |     4 ||     4
 Stab: Sleeping          |       |     7 ||     7
Armor: Animal skin       |    25 |    10 ||    35
       Robe              |       |   103 ||   103
Dodge: Dodged            |    37 |   188 ||   225
